 Dungeon Crawl Stone Soup version 0.24.0-125-gc4c63601f3 (webtiles) character file.

Game seed: 6962182122473250174, levelgen mode: deterministic

95 Mrkan the Covered (level 4, -8/29 HPs)
             Began as a Gargoyle Fighter on Feb 24, 2020.
             Killed by divine providence
             ... invoked by an orc priest
              (14 damage)
             ... on level 2 of the Dungeon.
             The game lasted 00:01:36 (830 turns).

Mrkan the Covered (Gargoyle Fighter)                 Turns: 830, Time: 00:01:36

Health: -8/29      AC: 13    Str: 21    XL:     4   Next: 66%
Magic:  4/4        EV:  7    Int:  8    God:
Gold:   61         SH:  0    Dex:  9    Spells: 3/3 levels left

rFire    . . .     SeeInvis .   a - +0 war axe
rCold    . . .     Gourm    .   c - +0 shield
rNeg     + . .     Faith    .   b - +0 scale mail
rPois    ∞         Spirit   .   (no helmet)
rElec    +         Reflect  .   (no cloak)
rCorr    .         Harm     .   e - +2 pair of gloves
MR       .....                  (no boots)
Stlth    ..........             (no amulet)
HPRegen  0.09/turn              (no ring)
MPRegen  0.09/turn              (no ring)

@: confused
A: negative energy resistance 1, electricity resistance, unbreathing,
petrification resistance, rot immunity, AC +3
a: no special abilities


You were on level 2 of the Dungeon.
You were not hungry.

You visited 1 branch of the dungeon, and saw 2 of its levels.

You collected 61 gold pieces.

Inventory:

Hand Weapons
 a - a +0 war axe (weapon)
 g - a +0 spear of flaming
Armour
 b - a +0 scale mail (worn)
 c - a +0 shield (worn)
 e - a +2 pair of gloves (worn)
Scrolls
 i - a scroll of amnesia {unknown}
 j - a scroll of enchant weapon {unknown}
 l - a scroll of remove curse {unknown}
 m - 2 scrolls of identify {unknown}
 o - 3 scrolls of fear {unknown}
Potions
 d - a potion of might
 h - a potion of agility {unknown}
 k - a potion of heal wounds {unknown}
 n - a potion of curing {unknown}
Comestibles
 f - 4 rations
 p - a chunk of flesh


   Skills:
 + Level 3.9 Fighting
 * Level 3.0 Axes
 + Level 3.9 Armour
 + Level 3.9 Shields


You had 3 spell levels left.
You didn't know any spells.
Your spell library was empty.

Dungeon Overview and Level Annotations

Branches:
Dungeon (2/15)

Altars:
Dithmenos


Innate Abilities, Weirdness & Mutations

You are resistant to torment.
Your stone body is resilient. (AC +3)
You are immune to poison.
You resist negative energy. (rN+)
You are resistant to electric shocks. (rElec)
You can survive without breathing.
You are immune to petrification.
You are immune to rotting.


Message History

The puff of flame hits you but does no damage.
You closely miss the orc wizard.
The orc wizard is severely wounded.
You slash the orc wizard!
The orc wizard hits you with a +0 dagger.
* * * LOW HITPOINT WARNING * * *
The orc priest looks satisfied for a moment.
The orc wizard casts a spell at you.
You are confused.
The orc wizard hits you but does no damage.
You bump into the rock wall.
The orc wizard hits you but does no damage. x2
The orc wizard gestures at you while chanting.
The puff of flame hits you.
* * * LOW HITPOINT WARNING * * *
The orc priest calls upon Beogh to heal the orc wizard.
The orc wizard is healed somewhat.
The orc priest invokes the aid of Beogh against you.
Beogh smites you!
You die...

#######.###.#..........
#.# #.#.#.####### #.#
#.#.#.#.. #.# #.#.#.#.#
#.# #.#.#.#.# #.#
#.#.#.#.### #.#
#.#.#..oo. #.#.###o#
#...@o# #######


You could see 2 orc priests and 2 orc wizards.

Vanquished Creatures
  4 gnolls (D:2)
  2 oozes (D:1)
  3 dart slugs
  A leopard gecko (D:1)
  A ball python (D:1)
  2 bats
  A giant cockroach (D:2)
  8 goblins (D:1)
  10 hobgoblins
  A quokka (D:2)
  A frilled lizard (D:1)
  3 kobolds (D:1)
  A rat (D:2)
38 creatures vanquished.

Notes
Turn   | Place    | Note
-------+----------+-------------------------------------------
     0 | D:1      | Mrkan the Gargoyle Fighter began the quest for the Orb.
     0 | D:1      | Reached XP level 1. HP: 14/14 MP: 1/1
    97 | D:1      | Reached XP level 2. HP: 19/19 MP: 2/2
   153 | D:1      | Reached XP level 3. HP: 23/23 MP: 3/3
   415 | D:1      | You fall into a shaft and drop 1 floor!
   432 | D:2      | Reached XP level 4. HP: 29/29 MP: 4/4
   546 | D:2      | Found a shadowy altar of Dithmenos.
   830 | D:2      | Killed from afar by an orc priest

Levels and vault maps discovered:
D:1:      minmay_arrival_wavy_path, layout_basic
D:2:      layout_basic, lemuel_crystal_altar, serial_bayou_pond_d

Skill      XL: |  1  2  3  4 |
---------------+-------------+-----
Axes           | 2 3 |  3.0
Fighting       | |  3.9
Armour         | |  3.9
Shields        | |  3.9

Action                   |  1- 3 |  4- 6 || total
-------------------------+-------+-------++-------
Melee: War axe           |    75 |    47 ||   122
Armor: Scale mail        |    41 |    31 ||    72
Dodge: Dodged            |    29 |    12 ||    41
Block: Shield            |    43 |    21 ||    64
